 Dungeon Crawl Stone Soup version 0.26.0-45-g9c1d065592 (webtiles) character file.

Game seed: 4641157611738633519

13718 awkey the Covert (level 11, -9/97 HPs)
             Began as a Green Draconian Wanderer on Jan 24, 2021.
             Was a Plaything of Xom.
             Mangled by a bog body (15 damage)
             ... on level 1 of the Swamp on Jan 28, 2021.
             The game lasted 00:56:09 (12661 turns).

awkey the Covert (Green Draconian Wanderer)        Turns: 12661, Time: 00:56:10

Health: -9/97      AC: 10    Str: 26    XL:     11   Next: 79%
Magic:  16/16      EV: 18    Int: 10    God:    Xom [....*.]
Gold:   817        SH:  0    Dex: 19    Spells: 14/16 levels left

rFire    + + .     SeeInvis +   v - +7 dagger of Zaruos {freeze, rF+ rC- SInv}
rCold    . . .     Faith    .   (no shield)
rNeg     . . .     Spirit   .   (armour unavailable)
rPois    +         Reflect  .   (helmet unavailable)
rElec    +         Harm     .   s - +1 cloak
rCorr    +         Rampage  .   w - +0 pair of gloves
Will     .....                  (no boots)
Stlth    +++.......             K - amulet of regeneration
HPRegen  1.06/turn              t - +6 ring of strength
MPRegen  0.15/turn              L - +6 ring of dexterity

@: resistant, hasted and slowed, very slow
A: breathe noxious fumes, unfitting armour, hooves 1, horns 3, blink, poison
resistance, regeneration 1, screaming 1, strong 1, evolution 2, cold-blooded,
MP-powered wands, AC +7
a: Breathe Noxious Fumes, Blink, Renounce Religion


You were on level 1 of the Swamp.
You worshipped Xom.
You were a beloved toy of Xom.
You visited 4 branches of the dungeon, and saw 14 of its levels.

You collected 817 gold pieces.

Inventory:

Hand Weapons
 g - a +0 dagger of draining
 h - a +3 vampiric dagger
 v - the +7 dagger of Zaruos (weapon) {freeze, rF+ rC- SInv}
   (You found it on level 4 of the Dungeon)

   It has been specially enchanted to freeze those struck by it, causing extra
   injury to most foes and up to half again as much damage against particularly
   susceptible opponents.
   It can also slow down cold-blooded creatures.
   It protects you from fire.
   It makes you vulnerable to cold.
   It lets you see invisible.
 J - a +7 quarterstaff
Missiles
 j - 55 poisoned darts (quivered)
 k - a throwing net
 H - 6 boomerangs
Armour
 s - a +1 cloak (worn)
 w - a +0 pair of gloves (worn)
Jewellery
 t - a +6 ring of strength (left hand)
 G - an uncursed ring of willpower
 I - a +4 ring of evasion
 K - an amulet of regeneration (around neck)
 L - a +6 ring of dexterity (right hand)
Wands
 r - a wand of disintegration (9)
 y - a wand of paralysis (12)
 z - a wand of polymorph (17)
 D - a wand of flame (11)
Scrolls
 b - 2 scrolls of fear
 d - 9 scrolls of teleportation
 f - 4 scrolls of identify
 i - 7 scrolls of remove curse
 m - a scroll of brand weapon
 o - 4 scrolls of enchant weapon
 p - a scroll of immolation
 q - 2 scrolls of enchant armour
 u - 3 scrolls of amnesia
 E - 4 scrolls of fog
 F - a scroll of vulnerability {unknown}
 M - a scroll of magic mapping {unknown}
Potions
 a - a potion of cancellation {unknown}
 c - a potion of berserk rage {unknown}
 e - 2 potions of might
 l - a potion of lignification {unknown}
 x - 2 potions of attraction
 A - 2 potions of resistance
 B - a potion of curing


   Skills:
 * Level 9.4 Fighting
 - Level 10.0 Short Blades
 + Level 2.0 Throwing
 * Level 7.1 Dodging
 * Level 11.0 Stealth
 + Level 3.3 Spellcasting
 + Level 1.2 Necromancy
 + Level 1.0 Air Magic
 + Level 1.0 Earth Magic
 + Level 1.1 Poison Magic
 + Level 3.1 Evocations


You had 14 spell levels left.
You knew the following spells:

 Your Spells              Type           Power        Failure   Level
a - Poisonous Vapours     Pois/Air       6%           26%         2

Your spell library contained the following spells:

 Spells                   Type           Power        Failure   Level
 Freeze                   Ice            4%           26%         1
 Mephitic Cloud           Conj/Pois/Air  3%           52%         3
 Confusing Touch          Hex            1%           63%         3
 Conjure Flame            Conj/Fire      1%           63%         3
 Frozen Ramparts          Ice            2%           63%         3
 Gell's Gravitas          Tloc           0%           63%         3
 Ozocubu's Armour         Ice            1%           63%         3
 Petrify                  Tmut/Erth      2%           91%         4
 Hailstorm                Conj/Ice       1%           95%         4
 Summon Ice Beast         Ice/Summ       1%           95%         4
 Metabolic Englaciation   Hex/Ice        0%           100%        5
 Yara's Violent Unravell  Hex/Tmut       0%           100%        5
 Freezing Cloud           Conj/Ice/Air   1%           100%        6


Dungeon Overview and Level Annotations

Branches:
Dungeon (10/15)            Temple (1/1) D:5            Lair (2/6) D:10
  Swamp (1/4) Lair:2          Orc (0/2) D:10
  Snake: Lair:2-4    Spider: Lair:2-4

Altars:
Ashenzari
Cheibriados
Elyvilon
Fedhas
Hepliaklqana
Kikubaaqudgha
Makhleb
Nemelex Xobeh
Okawaru
Qazlal
Wu Jian
Xom
Yredelemnul
Zin

Shops:
D:7 (

Annotations:
D:4 3 runed translucent doors, Marvel's ghost, amateur SpEn; Stixsmaster's ghost, weakling GrFi


Innate Abilities, Weirdness & Mutations

You can breathe blasts of noxious fumes.
Your lurid green scales are hard. (AC +7)
You cannot fit into any form of body armour.
Your system is resistant to poisons. (rPois)
You are cold-blooded and may be slowed by cold attacks.
You have large cloven feet.
You have a pair of large horns on your head.
You can translocate small distances at will.
Your natural rate of healing is unusually fast.
You occasionally shout uncontrollably at your foes.
Your muscles are strong. (Str +2)
You rapidly evolve.
You expend magic power (3 MP) to strengthen your wands.


Message History

You die... "What?
Wait, NO!"
Xom revives you! The bunyip closely misses you. The bunyip misses you.
Welcome back, awkey the Green Draconian Wanderer.
Xom snickers.
Press ? for a list of commands and other information.
As you read the scroll of fear, it crumbles to dust.
You assume a fearsome visage.
The bog body is unaffected.
The bunyip looks frightened!
The will-o-the-wisp is unaffected.
As you read the scroll labelled DOAMNO UTUQI, it crumbles to dust.
You speak a Word of immense power!
The bog body convulses!
It was a scroll of holy word.
The will-o-the-wisp gestures.
The will-o-the-wisp conjures some foxfire!
The bog body touches you.
* * * LOW HITPOINT WARNING * * *
The bog body freezes you!
You feel yourself slow down.
You die...
Xom giggles madly!

>≈.≈≈.≈.?≈≈.≈≈♣
.≈.≈≈.†.≈≈≈≈≈.♣♣
.≈...$....>.♣♣§♣
≈§≈≈≈.≈≈≈≈♣.≈v♣
..≈≈..≈≈≈≈..v.♣♣
♣♣♣♣.≈.≈..≈≈v≈.♣
♣♣
♣♣♣♣♣♣≈.≈≈..♣♣.♣
♣♣♣.♣♣xn≈♣
♣♣..≈≈@♣ ♣♣♣♣..♣
♣♣..♣ ♣♣.≈≈♣
♣≈≈≈♣♣ ♣.<♣♣
♣?♣♣ ♣.♣ ♣♣


You could see a bunyip (fleeing), a will-o-the-wisp and a bog body (dazed).

Vanquished Creatures
  A hydra (Lair:1)
  A centaur warrior (D:9)
  3 two-headed ogres
  An orb spider (Lair:1)
  7 cane toads
  Joseph (D:9)
  6 komodo dragons
  Sigmund (D:5)
  11 yaks
  3 vampire mosquitoes (Lair:2)
  A swamp worm (Swamp:1)
  5 water moccasins
  Duvessa (D:7)
  A swamp drake (D:10)
  An orc warrior (D:10)
  2 ice beasts
  2 black bears
  3 ogres
  2 centaurs
  A necrophage (D:8)
  2 big kobolds
  6 bullfrogs
  Dowan (D:7)
  3 scorpions
  A water moccasin skeleton (D:8)
  5 wights (D:9)
  A howler monkey (D:8)
  3 bullfrog zombies
  A jelly (D:8)
  3 hounds
  7 orc wizards
  An orc priest (D:8)
  Crazy Yiuf (D:7)
  A gnoll shaman (D:7)
  11 iguanas
  Terence (D:3)
  5 worker ants
  A hound zombie (D:3)
  2 hound skeletons
  A worker ant zombie (D:5)
  9 adders
  4 gnolls
  3 white imps
  3 oozes
  A worm (D:5)
  3 dart slugs
  13 leopard geckos
  25 orcs
  8 bats
  6 giant cockroaches
  8 goblins
  7 hobgoblins
  20 jackals
  18 kobolds
  A quokka (D:2)
  14 frilled lizards
  2 giant cockroach zombies (D:1)
  A jackal skeleton (D:8)
  A quokka skeleton (D:5)
  8 rats
266 creatures vanquished.

Vanquished Creatures (collateral kills)
  A vampire mosquito (Lair:2)
  An orc warrior (D:9)
  2 scorpions (D:10)
  An orc priest (D:9)
  An orc wizard (D:9)
  An orc (D:9)
7 creatures vanquished.

Vanquished Creatures (others)
  Menkaure (D:5)
  An ogre (D:4)
  An iguana (D:10)
  3 frilled lizards (D:10)
  4 foxfires (Swamp:1)
  12 fungi
  10 plants
32 creatures vanquished.

Grand Total: 305 creatures vanquished

Notes
Turn   | Place    | Note
-------+----------+-------------------------------------------
     0 | D:1      | awkey the Draconian Wanderer began the quest for the Orb.
     0 | D:1      | awkey set off with the following items: a +2 dagger, a
                  | scroll of fear, a wand of random effects (15)
     0 | D:1      | Reached XP level 1. HP: 19/19 MP: 4/4
    85 | D:1      | Reached XP level 2. HP: 15/27 MP: 6/6
   258 | D:1      | HP: 1/27 [gnoll/+0 club (5)]
   261 | D:1      | Reached XP level 3. HP: 1/33 MP: 7/7
  1638 | D:2      | Reached skill level 1 in Short Blades
  1769 | D:2      | Reached XP level 4. HP: 34/41 MP: 9/9
  2269 | D:3      | Found a glowing silver altar of Zin.
  2294 | D:3      | Found a burning altar of Makhleb.
  3209 | D:3      | Found a shimmering altar of Xom.
  3211 | D:3      | Noticed Terence
  3212 | D:3      | Killed Terence
  3213 | D:3      | Reached skill level 1 in Dodging
  3213 | D:3      | Reached XP level 5. HP: 47/47 MP: 10/10
  3829 | D:3      | Reached skill level 2 in Stealth
  4296 | D:3      | Found a faded altar of an unknown god.
  4299 | D:3      | Became a worshipper of Xom of Bloodstained Whimsey
  4459 | D:3      | XOM: silly message
  4470 | D:4      | Got a polished short sword
  4574 | D:4      | XOM: potion effect (brilliance)
  4576 | D:4      | Reached XP level 6. HP: 30/53 MP: 11/11
  4826 | D:4      | XOM: god gift: 10 gold pieces
  5025 | D:4      | Reached skill level 5 in Fighting
  5043 | D:4      | Found a runed translucent gate.
  5043 | D:4      | Found a runed translucent gate.
  5043 | D:4      | Found a runed translucent gate.
  5043 | D:4      | Noticed Stixsmaster's ghost (weakling GrFi)
  5044 | D:4      | Noticed Marvel's ghost (amateur SpEn)
  5122 | D:4      | Got a masterwork dagger
  5130 | D:4      | Identified the +7 dagger of Zaruos {freeze, rF+ rC- SInv}
                  | (You found it on level 4 of the Dungeon)
  5235 | D:4      | XOM: divine lightning
  5256 | D:4      | XOM: god gift: 27 gold pieces
  5409 | D:5      | Entered Level 5 of the Dungeon
  5614 | D:5      | Found a staircase to the Ecumenical Temple.
  5761 | D:5      | Noticed Sigmund
  5765 | D:5      | XOM: potion effect (brilliance)
  5768 | D:5      | XOM: scenery: summon butterflies
  5776 | D:5      | Killed Sigmund
  5777 | D:5      | Reached skill level 3 in Stealth
  5777 | D:5      | Your scales start taking on a lurid green colour.
  5777 | D:5      | Reached XP level 7. HP: 31/61 MP: 12/12
  5777 | D:5      | Gained mutation: Your system is resistant to poisons.
                  | (rPois) [Green Draconian growth]
  5942 | D:5      | Noticed Menkaure
  5950 | D:5      | Killed Menkaure
  5950 | D:5      | XOM: divine lightning
  6166 | D:5      | XOM: give mutations
  6166 | D:5      | Gained mutation: You evolve. [Xom's grace]
  6166 | D:5      | Gained mutation: You have a pair of small horns on your
                  | head. [Xom's grace]
  6319 | D:5      | XOM: god gift: 2 scrolls labelled FOETUT FOLI {god gift}
  6326 | D:5      | XOM: give mutation
  6326 | D:5      | Gained mutation: You expend magic power (3 MP) to
                  | strengthen your wands. [Xom's grace]
  6579 | Temple   | Entered the Ecumenical Temple
  6633 | D:5      | You fall into a shaft and drop 1 floor!
  6847 | D:6      | Reached skill level 5 in Short Blades
  6955 | D:6      | XOM: 1-stop teleportation journey
  7274 | D:7      | Noticed Duvessa
  7275 | D:7      | Noticed Dowan
  7284 | D:7      | Killed Duvessa
  7285 | D:7      | Reached skill level 4 in Stealth
  7285 | D:7      | Reached XP level 8. HP: 65/69 MP: 7/13
  7292 | D:7      | Killed Dowan
  7345 | D:7      | XOM: cleaving
  7347 | D:7      | XOM: snakes to sticks
  7430 | D:6      | XOM: god gift: 16 gold pieces
  7477 | D:6      | XOM: stat loss: -1 Str (23/24)
  7481 | D:7      | Found Cymp's Weapon Boutique.
  7498 | D:7      | XOM: cloud trail
  7510 | D:7      | Gained mutation: You have a pair of horns on your head.
                  | [evolution]
  7570 | D:7      | XOM: 1-stop teleportation journey
  7638 | D:7      | XOM: divination: detect items
  7642 | D:7      | XOM: destruction
  7872 | D:7      | XOM: give mutations
  7872 | D:7      | Gained mutation: You have large cloven feet. [Xom's grace]
  7872 | D:7      | Gained mutation: You have a pair of large horns on your
                  | head. [Xom's grace]
  7872 | D:7      | Gained mutation: You rapidly evolve. [Xom's grace]
  7872 | D:7      | Gained mutation: Your muscles are strong. (Str +2) [Xom's
                  | grace]
  7925 | D:7      | Found a blossoming altar of Fedhas.
  8007 | D:7      | XOM: god gift: long sword {god gift}
  8017 | D:7      | Found a runed translucent door.
  8021 | D:7      | Noticed Crazy Yiuf
  8028 | D:7      | Killed Crazy Yiuf
  8150 | D:8      | Reached skill level 5 in Stealth
  8196 | D:8      | Gained mutation: Your natural rate of healing is unusually
                  | fast. [evolution]
  8402 | D:8      | Noticed a two-headed ogre
  8407 | D:8      | Killed a two-headed ogre
  8408 | D:8      | Reached skill level 6 in Stealth
  8408 | D:8      | Reached XP level 9. HP: 22/78 MP: 14/14
  8463 | D:8      | XOM: scenery: 1 doors open
  8509 | D:8      | XOM: 2-stop teleportation journey
  8699 | D:8      | Reached skill level 7 in Stealth
  8708 | D:8      | XOM: scenery: create altars
  8719 | D:8      | XOM: scenery: summon butterflies
  8892 | D:8      | XOM: scenery: 1 doors open, 1 doors close
  9288 | D:9      | XOM: fake destruction
  9294 | D:9      | XOM: polymorph yak -> goblin
  9301 | D:9      | Reached skill level 8 in Stealth
  9334 | D:9      | XOM: divination: magic mapping
  9491 | D:9      | Noticed Joseph
  9495 | D:9      | XOM: cast spell 'Shadow Creatures'
  9503 | D:9      | Killed Joseph
  9578 | D:9      | XOM: silly message
  9636 | D:9      | Noticed a two-headed ogre
  9637 | D:9      | XOM: fog
  9644 | D:9      | XOM: confuse monster(s)
  9649 | D:9      | Killed a two-headed ogre
  9650 | D:9      | Reached skill level 5 in Dodging
  9650 | D:9      | Reached XP level 10. HP: 86/86 MP: 15/15
  9694 | D:9      | Learned a level 2 spell: Poisonous Vapours
  9749 | D:9      | XOM: 1-stop teleportation journey
  9805 | D:9      | Noticed a centaur warrior
  9806 | D:9      | XOM: confuse monster(s)
  9819 | D:9      | Killed a centaur warrior
  9820 | D:9      | Reached skill level 9 in Stealth
 10170 | D:9      | Noticed a two-headed ogre
 10191 | D:9      | Killed a two-headed ogre
 10221 | D:9      | Found an ornate altar of the Wu Jian Council.
 10254 | D:9      | XOM: scenery: create altars
 10315 | D:10     | Entered Level 10 of the Dungeon
 10437 | D:10     | XOM: cast spell 'Summon Small Mammal'
 10445 | D:10     | XOM: destruction
 10455 | D:10     | XOM: summons 10 friendly demons
 10632 | D:10     | XOM: blink monster(s)
 10634 | D:10     | XOM: swap monsters
 10649 | D:10     | XOM: destruction
 10653 | D:10     | XOM: summons 3 hostile shadow creatures
 10654 | D:10     | XOM: stat loss: -1 Int (9/10)
 10664 | D:10     | Reached skill level 10 in Stealth
 10702 | D:10     | Reached skill level 1 in Poison Magic
 10787 | D:10     | XOM: 1-stop teleportation journey
 10817 | D:10     | XOM: summons 4 hostile demons
 10818 | D:10     | Noticed a smoke demon
 10936 | D:10     | Found a sparkling altar of Nemelex Xobeh.
 11051 | D:10     | Reached XP level 11. HP: 76/94 MP: 16/16
 11188 | D:10     | Found a staircase to the Lair.
 11223 | D:10     | Found a staircase to the Orcish Mines.
 11278 | Lair:1   | Entered Level 1 of the Lair of Beasts
 11316 | Lair:1   | XOM: fog
 11319 | Lair:1   | Noticed an eight-headed hydra
 11326 | Lair:1   | XOM: give mutation
 11326 | Lair:1   | Gained mutation: You occasionally shout uncontrollably at
                  | your foes. [Xom's mischief]
 11328 | Lair:1   | Noticed an orb spider
 11328 | Lair:1   | a yak changed into an orb spider
 11328 | Lair:1   | XOM: polymorph yak -> orb spider
 11341 | Lair:1   | Killed an eight-headed hydra
 11342 | Lair:1   | Reached skill level 1 in Air Magic
 11361 | Lair:1   | Killed an orb spider
 11643 | Lair:1   | XOM: fog
 11647 | Lair:1   | Reached skill level 1 in Throwing
 11656 | Lair:1   | Reached skill level 10 in Short Blades
 11696 | Lair:1   | Gained mutation: You can translocate small distances at
                  | will. [evolution]
 11900 | Lair:1   | XOM: scenery: create altars
 11941 | Lair:1   | XOM: god gift: 6 boomerangs
 12314 | Lair:1   | XOM: god gift: shortbow {god gift}
 12435 | Lair:2   | XOM: scenery: 1 doors open
 12583 | Lair:2   | Found a staircase to the Swamp.
 12596 | Lair:2   | XOM: summons friendly soul eater
 12619 | Swamp:1  | Entered Level 1 of the Swamp
 12639 | Swamp:1  | Noticed a bunyip
 12639 | Swamp:1  | Noticed a bog body
 12646 | Swamp:1  | Reached skill level 11 in Stealth
 12658 | Swamp:1  | Xom revived you
 12659 | Swamp:1  | Upgraded the game from 0.26.0-20-g3ca415f5b8 to
                  | 0.26.0-45-g9c1d065592
 12661 | Swamp:1  | Mangled by a bog body

Illustrated notes

Levels and vault maps discovered:
D:1:      saegor_arrival_fortress, layout_loops_ring,
          corexii_item_surrounded_by_moat, minmay_statues_item
D:2:      layout_basic
D:3:      layout_basic, grunt_temple_overflow_open,
          chequers_ecumenical_altar_grove, minmay_misc_feat_diagonals,
          dk_noncrumbling_3, uniq_terence
D:4:      layout_rooms, gammafunk_ghost_cemetery, minmay_misc_feat_enclosed,
          chequers_arboretum
D:5:      layout_loops_ring, minmay_temple_entry_ruins, uniq_menkaure,
          uniq_sigmund
D:6:      layout_basic
D:7:      layout_cave_pools, kennysheep_mini_moat, serial_shops, shop,
          chequers_serial_rivers_micro_a, uniq_duvessa, uniq_crazy_yiuf_cottage
D:8:      layout_gridville, kennysheep_generic_room_13
D:9:      layout_loops_corners, basic_altar, small_chamber_with_monster,
          uniq_joseph
D:10:     lemuel_reptile_caves, layout_basic, grunt_lair_entry_orc_guard_hut,
          orc_0_dummy, nemelex_diamond_rough_becter
Temple:   eino_narrow_crystal_temple
Lair:1:   layout_cave_pods, chequers_serial_rivers_room_b, beast_lair_carwin_9,
          grunt_megastairs_5, infiniplex_staircase_pool
Lair:2:   layout_regular_city, minmay_swamp_entry_swarm,
          nicolae_volcano_entry_lava_flow, minivault_27,
          cheibrodos_lair_caveside_slide, eino_small_chamber_without_monster,
          small_statue_intersection
Swamp:1:  layout_falls_marsh, nicolae_swamp_round_clearing

Skill      XL: |  1  2  3  4  5  6  7  8  9 10 11 |
---------------+----------------------------------+-----
Fighting       | 4 5 6 7 8 9 |  9.4
Short Blades   | 1 2 3 4 5 6 8 9 10 | 10.0
Dodging        | 1 2 3 4 5 7 |  7.1
Stealth        | 2 3 4 6 8 10 11 | 11.0
Evocations     | 2 3 |  3.1
Poison Magic   | 1 |  1.1
Air Magic      | 1 |  1.0
Throwing       | 2 |  2.0
Spellcasting   | |  3.3
Necromancy     | |  1.2
Earth Magic    | |  1.0

Action                   |  1- 3 |  4- 6 |  7- 9 | 10-12 || total
-------------------------+-------+-------+-------+-------++-------
Melee: Dagger            |   104 |   221 |   192 |   290 ||   807
       Tailslap          |    14 |    31 |    27 |    50 ||   122
       Headbutt          |       |       |    38 |    64 ||   102
       Kick              |       |       |    36 |   122 ||   158
Throw: Throwing net      |       |     1 |     1 |       ||     2
       Dart              |       |       |       |    27 ||    27
 Cast: Poisonous Vapours |       |       |       |     1 ||     1
 Abil: Breathe Noxious F |       |       |     3 |     5 ||     8
Evoke: Wand              |    12 |     3 |    11 |       ||    26
  Use: Potion            |     1 |     1 |     2 |     8 ||    12
       Scroll            |       |     5 |     8 |     4 ||    17
 Stab: Paralysed         |     1 |       |     1 |       ||     2
       Sleeping          |       |     2 |    10 |     7 ||    19
       Confused          |       |       |     2 |     4 ||     6
       Distracted        |       |       |       |     1 ||     1
Armor: Skin              |    64 |    71 |    37 |    46 ||   218
Dodge: Dodged            |    98 |   131 |   116 |   185 ||   530
